 Dungeon Crawl Stone Soup version 0.29-a0-419-g77450f2105 (webtiles) character file.

Game seed: 18167736277315418010

48139 KhasaRR the Severer (level 14, -1/133 HPs)
             Began as a Yellow Draconian Berserker on May 18, 2022.
             Was a High Priest of Trog.
             Constricted to death by a naga sharpshooter (4 damage)
             ... on level 1 of the Snake Pit.
             The game lasted 01:14:02 (20521 turns).

KhasaRR the Severer (Yellow Draconian Berserker)   Turns: 20521, Time: 01:14:03

Health: -1/133     AC: 16    Str: 25    XL:     14   Next: 11%
Magic:  4/4        EV: 12    Int:  8    God:    Trog [*****.]
Gold:   1252       SH:  5    Dex: 10    Spells: 13/13 levels left

rFire   . . .      SeeInvis .   t - +8 Wrath of Trog {antimagic, *Rage Rampage}
rCold   . . .      Faith    .   (shield currently unavailable)
rNeg    . . .      Spirit   .   (body armour unavailable)
rPois   +          Reflect  +   (helmet restricted)
rElec   .          Harm     .   H - +2 cloak {rPois}
rCorr   +          Rampage  +   E - +2 pair of gloves
Will    +++..      Rage     50% c - +1 pair of boots
Stlth   +++.......              P - amulet of reflection
HPRegen 1.32/turn               F - ring of poison resistance
MPRegen 0.09/turn               k - ring of resist corrosion

@: about to teleport, short of breath, strong-willed, on berserk cooldown,
regenerating, slowed, constricted, very slow
A: spit acid, AC +8, unfitting armour, acidic bite, cold-blooded, acid
resistance, stinger 1, talons 1
a: Breathe Acid, Renounce Religion, Berserk, Trog's Hand, Brothers in Arms


You were on level 1 of the Snake Pit.
You worshipped Trog.
Trog was extremely pleased with you.
You visited 4 branches of the dungeon, and saw 17 of its levels.

You collected 1252 gold pieces.

Inventory:

Hand Weapons
 a - a +1 hand axe
 t - the +8 Wrath of Trog (weapon) {antimagic, *Rage Rampage}
   (You found it on level 3 of the Lair of Beasts)

   It reduces the magical energy of the wielder, and disrupts the spells and
   magical abilities of those it strikes.
   Natural abilities and divine invocations are not affected.
   It causes slowness and exhaustion when equipped.
   It extends the wielder's berserk rage when killing foes.
   *Rage:     It berserks you when you make melee attacks (+50% chance).
   Rampage:   It bestows one free step when moving towards enemies.
 A - a +9 hand axe of venom
 S - a +6 vorpal hand axe
Missiles
 b - 7 poisoned darts
 m - 2 throwing nets
 s - 8 silver javelins (quivered)
Armour
 c - a +1 pair of boots (worn)
 p - a +1 cloak of stealth
 x - a +0 kite shield
 E - a +2 pair of gloves (worn)
 H - a +2 cloak of poison resistance (worn)
 L - a scarf of harm
Jewellery
 k - a ring of resist corrosion (right hand)
 F - a ring of poison resistance (left hand)
 I - a ring of willpower
 M - a ring of ice
 N - a ring of magical power
 P - an amulet of reflection (around neck)
Wands
 n - a wand of digging (5)
 u - a wand of polymorph (16)
 D - a wand of acid (6)
 K - a wand of charming (7)
 Q - a wand of mindburst (7)
 R - a wand of flame (10)
Scrolls
 d - a scroll of vulnerability
 g - a scroll of amnesia
 j - 2 scrolls of identify
 o - 2 scrolls of silence
 w - 8 scrolls of teleportation
 z - a scroll of fear
 B - 2 scrolls of fog
 C - 2 scrolls of immolation
 G - 2 scrolls of magic mapping
 O - a scroll of noise
Potions
 e - 2 potions of degeneration
 f - 5 potions of attraction
 h - 4 potions of mutation
 i - 5 potions of curing
 q - 2 potions of ambrosia
 r - a potion of brilliance
 v - 3 potions of flight
 J - 2 potions of resistance
Miscellaneous
 l - a piece from Xom's chessboard (15/15)
 y - a condenser vane


   Skills:
 * Level 14.8 Fighting
 + Level 16.8 Axes
 + Level 1.6 Throwing
 + Level 9.7 Dodging
 + Level 6.5 Stealth
 * Level 9.7 Shields
 + Level 3.8 Evocations


You had 13 spell levels left.
You didn't know any spells.
Your spell library was empty.

Dungeon Overview and Level Annotations

Branches:
Dungeon (9/15)             Temple (0/1) D:7            Lair (6/6) D:9
  Swamp (1/4) Lair:3        Snake (1/4) Lair:3        Slime (0/5) Lair:5
    Orc: D:9-12

Altars:
Ashenzari
Makhleb
Jiyva


Innate Abilities, Weirdness & Mutations

You can spit globs of acid.
Your golden yellow scales are hard. (AC +8)
You cannot fit into any form of body armour.
You have acidic saliva.
You are cold-blooded and may be slowed by cold attacks.
You are resistant to acid. (rCorr)
Your tail ends in a venomous barb.
You have sharp toenails.


Message History

The naga sharpshooter's magic leaks into the air.
You bite the naga sharpshooter, but do no damage.
The naga sharpshooter is severely wounded.
The naga sharpshooter shoots a bolt.
The bolt hits you!! The naga sharpshooter constricts you.
You feel better.
The naga sharpshooter falters for a moment.
The naga sharpshooter constricts you.
You are too injured to fight recklessly!
You barely miss the naga sharpshooter.
Your tail-slap misses the naga sharpshooter.
The naga sharpshooter is severely wounded.
You slash the black mamba! The black mamba bites you.
The black mamba barely misses you.
The naga sharpshooter falters for a moment.
The naga sharpshooter constricts you.
Your skin crawls.
You feel strong-willed.
You block the black mamba's attack. x2; The naga sharpshooter shoots a bolt.
The bolt hits you! The naga sharpshooter constricts you.
The black mamba closely misses you.
The naga sharpshooter spits poison at you.
The splash of poison misses you. The naga sharpshooter constricts you.
Press: ? - help, Shift-Dir - straight line, f - naga sharpshooter
Aim: a naga sharpshooter, wielding a +0 arbalest (severely wounded, constricting you, catching its breath, magic disrupted, 68% to hit)
You spit a glob of acid.
The glob of acid misses the naga sharpshooter.
You block the black mamba's attack. The black mamba closely misses you.
The naga sharpshooter shoots a bolt.
The bolt hits you!
* * * LOW HITPOINT WARNING * * *
The naga sharpshooter constricts you.
* * * LOW HITPOINT WARNING * * *
The black mamba bites you!
* * * LOW HITPOINT WARNING * * *
As you read the scroll of teleportation, it crumbles to dust.
You feel strangely unstable. You block the black mamba's attack.
The naga sharpshooter shoots a bolt.
The bolt hits you!
* * * LOW HITPOINT WARNING * * *
The naga sharpshooter constricts you.
You die...

### #.. ..## ..###
...## #...## .^..#
#....# #.#.### #...#
##.)..## #...#####...
###...######..S#N......
#....#...†...@#
##......†...###
#...######..# #...#
...# #...# #...# .....#
#..## .....## #...
####... #..# #...


You could see a naga sharpshooter (catching breath, magic disrupted) and a black
mamba.

Vanquished Creatures
  Nessos (Lair:4)
  2 dire elephants (Lair:6)
  4 hydras
  2 anacondas (Snake:1)
  5 death yaks
  A fire crab (Lair:6)
  3 spectral death yaks (Lair:6)
  A spectral anaconda (Lair:6)
  An obsidian statue (Lair:6)
  3 lindwurms
  A mana viper (Snake:1)
  3 necromancers (Lair:6)
  2 manticores (Lair:5)
  14 elephants
  A dire elephant zombie (Lair:6)
  11 black mambas
  9 cane toads
  A dire elephant skeleton (Lair:6)
  3 rime drakes
  An unseen horror (D:8)
  6 komodo dragons
  3 meliai (Lair:5)
  A polar bear (Lair:4)
  A hornet (D:9)
  A slime creature (D:8)
  A queen bee (Lair:5)
  A tyrant leech (Lair:3)
  8 blink frogs
  A spectral elephant (Lair:6)
  Sigmund (D:6)
  4 wyverns
  18 yaks
  3 basilisks
  2 vampire mosquitoes (D:7)
  2 steam dragons
  A neqoxec (D:4)
  2 swamp worms (Lair:3)
  A naga (Snake:1)
  An acid dragon (D:9)
  26 water moccasins
  2 sky beasts
  5 black bears
  2 ogres (D:6)
  8 wolves
  An orc warrior (D:8)
  3 elephant skeletons (Lair:6)
  5 centaurs
  2 phantoms (D:7)
  15 bullfrogs
  4 scorpions
  3 gnoll sergeants
  A cane toad simulacrum (Lair:6)
  13 wights
  2 elephant simulacra (Lair:6)
  30 killer bees
  A howler monkey (D:5)
  2 electric eels
  A jelly (D:5)
  7 hounds
  Crazy Yiuf (D:2)
  6 orc priests
  3 iguanas
  11 orc wizards
  Ijyb (D:3)
  24 gnolls
  A gnoll zombie (D:8)
  8 adders
  An orc zombie (D:8)
  3 shadow imps
  4 white imps
  3 ufetubi
  2 worms
  A dart slug (D:5)
  23 orcs
  3 bats (D:2)
  12 endoplasms
  A giant cockroach (D:4)
  5 goblins
  18 hobgoblins
  2 jackals (D:1)
  3 kobolds
  3 quokkas
  10 ball pythons
  3 frilled lizards
  5 rats
  A butterfly (Lair:1)
418 creatures vanquished.

Vanquished Creatures (collateral kills)
  A hydra (Lair:1)
1 creature vanquished.

Vanquished Creatures (others)
  An elephant (Lair:6)
  A blink frog (Lair:5)
  32 fungi
  32 plants
  18 withered plants (Lair:6)
84 creatures vanquished.

Grand Total: 503 creatures vanquished

Notes
Turn   | Place    | Note
-------+----------+-------------------------------------------
     0 | D:1      | KhasaRR the Draconian Berserker began the quest for the
                  | Orb.
     0 | D:1      | Reached XP level 1. HP: 19/19 MP: 1/1
    37 | D:1      | Reached XP level 2. HP: 26/26 MP: 2/2
   813 | D:1      | Reached XP level 3. HP: 23/33 MP: 3/3
  1167 | D:2      | Reached XP level 4. HP: 27/40 MP: 4/4
  1186 | D:2      | Reached ** piety under Trog
  1376 | D:2      | You fall into a shaft and drop 1 floor!
  1555 | D:2      | Found a runed translucent door.
  1556 | D:2      | Noticed Crazy Yiuf
  1565 | D:2      | Killed Crazy Yiuf
  1566 | D:2      | Reached skill level 4 in Axes
  2050 | D:3      | Reached XP level 5. HP: 28/46 MP: 5/5
  2441 | D:3      | Found a faded altar of an unknown god.
  2773 | D:3      | Noticed Ijyb
  2779 | D:3      | Reached skill level 1 in Stealth
  2780 | D:3      | Killed Ijyb
  2934 | D:4      | Reached XP level 6. HP: 53/53 MP: 6/6
  3034 | D:4      | Reached skill level 5 in Axes
  3269 | D:4      | Noticed Grinder
  3289 | D:4      | Your scales start taking on a golden yellow colour.
  3289 | D:4      | Reached XP level 7. HP: 60/60 MP: 7/7
  3289 | D:4      | Gained mutation: You are resistant to acid. (rCorr) [Yellow
                  | Draconian growth]
  3295 | D:4      | Reached skill level 5 in Fighting
  3295 | D:4      | Reached skill level 1 in Throwing
  3307 | D:4      | Noticed Grinder
  3307 | D:4      | Grinder changed into Grinder the neqoxec
  3309 | D:4      | Gained mutation: You sometimes lose the ability to read
                  | scrolls when taking damage. [Grinder]
  3314 | D:4      | Gained mutation: Your magical capacity is low. (-10% MP)
                  | [Grinder]
  3316 | D:4      | Lost intelligence.
  3318 | D:4      | Gained mutation: You are frail. (-10% HP) [Grinder]
  3323 | D:4      | Killed Grinder the neqoxec
  3926 | D:4      | Found a broken altar of Ashenzari.
  3989 | D:4      | Reached skill level 6 in Axes
  4267 | D:5      | Entered Level 5 of the Dungeon
  4319 | D:5      | Reached skill level 1 in Evocations
  4364 | D:5      | Reached skill level 5 in Dodging
  4364 | D:5      | Reached XP level 8. HP: 30/62 MP: 7/7
  4657 | D:4      | Lost mutation: You are frail. (-10% HP) [potion of
                  | mutation]
  4657 | D:4      | Lost mutation: Your magical capacity is low. (-10% MP)
                  | [potion of mutation]
  4657 | D:4      | Lost mutation: You sometimes lose the ability to read
                  | scrolls when taking damage. [potion of mutation]
  4657 | D:4      | Gained mutation: You have sharp toenails. [potion of
                  | mutation]
  4657 | D:4      | Gained mutation: Your tail ends in a venomous barb. [potion
                  | of mutation]
  5150 | D:5      | Reached skill level 1 in Shields
  5156 | D:5      | Reached skill level 7 in Axes
  5422 | D:5      | Found a burning altar of Makhleb.
  5644 | D:5      | Reached XP level 9. HP: 75/79 MP: 9/9
  5865 | D:6      | Identified a scroll of acquirement
  5866 | D:6      | Acquired a manual of Axes
  5883 | D:6      | Noticed Sigmund
  5894 | D:6      | Killed Sigmund
  5980 | D:6      | Reached skill level 8 in Axes
  7026 | D:7      | Reached skill level 9 in Axes
  7196 | D:7      | Found a staircase to the Ecumenical Temple.
  7200 | D:7      | Reached *** piety under Trog
  7575 | D:8      | Found a transporter.
  7674 | D:8      | Found a transporter.
  7692 | D:8      | Reached XP level 10. HP: 88/88 MP: 10/10
  8042 | D:8      | Reached skill level 10 in Axes
  9675 | D:9      | Found a staircase to the Lair.
  9886 | D:9      | Reached skill level 11 in Axes
  9951 | D:9      | Paralysed by a hornet for 1 turns
  9955 | D:9      | Reached skill level 5 in Shields
 10360 | Lair:1   | Entered Level 1 of the Lair of Beasts
 10375 | Lair:1   | Reached skill level 5 in Stealth
 10587 | Lair:1   | Noticed a cane toad
 10594 | Lair:1   | Killed a cane toad
 10855 | Lair:1   | Noticed a cane toad
 10864 | Lair:1   | Killed a cane toad
 10865 | Lair:1   | Reached skill level 10 in Fighting
 10876 | Lair:1   | Reached **** piety under Trog
 10883 | Lair:1   | Noticed a four-headed hydra
 10896 | Lair:1   | Killed a four-headed hydra
 10897 | Lair:1   | Reached XP level 11. HP: 44/99 MP: 11/11
 11970 | Lair:2   | Reached skill level 12 in Axes
 12609 | Lair:2   | Noticed an eight-headed hydra
 12634 | Lair:2   | Killed an eight-headed hydra
 13706 | Lair:3   | Found a staircase to the Snake Pit.
 13940 | Lair:3   | Found a staircase to the Swamp.
 13965 | Lair:3   | Reached skill level 13 in Axes
 13989 | Swamp:1  | Entered Level 1 of the Swamp
 13989 | Swamp:1  | Noticed a bog body
 14314 | Lair:3   | Found the +8 Wrath of Trog {antimagic, *Rage Rampage}
 14371 | Lair:3   | Noticed a five-headed hydra
 14379 | Lair:3   | Killed a five-headed hydra
 14380 | Lair:3   | Reached XP level 12. HP: 74/110 MP: 4/12
 14975 | Lair:4   | Noticed Nessos
 14982 | Lair:4   | Killed Nessos
 15235 | Lair:4   | Reached skill level 14 in Axes
 16045 | Lair:5   | Noticed a six-headed hydra
 16053 | Lair:5   | Killed a six-headed hydra
 16402 | Lair:5   | Noticed a death yak
 16403 | Lair:5   | Noticed a death yak
 16403 | Lair:5   | Noticed a death yak
 16418 | Lair:5   | Killed a death yak
 16418 | Lair:5   | Killed a death yak
 16419 | Lair:5   | Killed a death yak
 16471 | Lair:5   | Reached skill level 15 in Axes
 16581 | Lair:5   | Identified the +1 robe "Hadebuad" {Int+6}
 16734 | Lair:5   | Found a viscous altar of Jiyva.
 16739 | Lair:5   | Found a staircase to the Slime Pits.
 17119 | Lair:5   | Reached XP level 13. HP: 110/122 MP: 4/13
 17227 | Lair:6   | Entered Level 6 of the Lair of Beasts
 18836 | Lair:6   | Reached skill level 16 in Axes
 18982 | Lair:6   | Noticed a dire elephant
 19007 | Lair:6   | Reached ***** piety under Trog
 19332 | Lair:6   | Noticed a dire elephant
 19343 | Lair:6   | Killed a dire elephant
 19602 | Lair:6   | Killed a dire elephant
 19812 | Lair:6   | Gained mutation: You have acidic saliva. [Yellow Draconian
                  | growth]
 19812 | Lair:6   | Reached XP level 14. HP: 133/133 MP: 4/14
 20013 | Lair:6   | Received a gift from Trog
 20394 | Snake:1  | Entered Level 1 of the Snake Pit
 20521 | Snake:1  | HP: 3/133 [naga sharpshooter/bolt (17)]
 20521 | Snake:1  | Constricted to death by a naga sharpshooter

Illustrated notes

Levels and vault maps discovered:
D:1:      eino_arrival_cavern_a, layout_loops_cross, serial_bayou_lagoon_b
D:2:      layout_rooms, uniq_crazy_yiuf_cottage
D:3:      layout_loops_corners, shapermc_ecumenical_altar_ellora, uniq_ijyb
D:4:      layout_basic, mainiacjoe_overflow_concentric_impassable, uniq_grinder
D:5:      nicolae_cairo_tiling_large, layout_rooms, makhleb_heckhound_becter,
          hellmonk_bongcloud_opening
D:6:      layout_basic, uniq_sigmund
D:7:      layout_loops_ring, minmay_temple_entry_glass
D:8:      gammafunk_cloud_chamber, layout_basic, minmay_bent
D:9:      layout_roguey, lair_entry_dummy, nicolae_elevator_lobby_plus
Lair:1:   layout_loops_ring, lemuel_fruit_fields, grunt_megastairs_3,
          serial_bayou_shore_a, infiniplex_staircase_pool
Lair:2:   layout_roguey, chequers_serial_rivers_room_a, serial_bayou_shore_b
Lair:3:   layout_layer_cave, minmay_swamp_entry_worms,
          minmay_snake_entry_six_corridors, nicolae_quartered_pool_impasse
Lair:4:   layout_regular_city, gammafunk_lair_bear_cave, grunt_megastairs_1,
          uniq_nessos
Lair:5:   regret_index_wax_grids, layout_cave_pods, slime_altar_1
Lair:6:   due_jungle_book, layout_misc_corridors
Swamp:1:  layout_basic_swamp, hangedman_swamp_pad, swamp_pool4,
          roderic_carrion_pond, infiniplex_staircase_pool_2
Snake:1:  layout_concentric_octagons

Skill      XL: |  1  2  3  4  5  6  7  8  9 10 11 12 13 |
---------------+----------------------------------------+-----
Dodging        | 3 4 5 7 8 9 |  9.7
Fighting       | 4 5 7 8 10 11 13 14 | 14.8
Axes           | 4 5 6 7 9 11 13 15 16 | 16.8
Stealth        | 1 2 3 4 5 6 |  6.5
Throwing       | 1 |  1.6
Evocations     | 1 3 |  3.8
Shields        | 2 4 5 7 8 9 |  9.7

Action                   |  1- 3 |  4- 6 |  7- 9 | 10-12 | 13-15 || total
-------------------------+-------+-------+-------+-------+-------++-------
Melee: Hand axe          |    97 |   154 |   303 |   311 |       ||   865
       Tailslap          |     7 |    19 |    29 |    57 |    40 ||   152
       Punch             |     1 |     1 |       |       |       ||     2
       Kick              |       |       |    53 |    17 |       ||    70
       Battleaxe         |       |       |       |   118 |   279 ||   397
       Bite              |       |       |       |       |     5 ||     5
Throw: Dart              |       |     8 |     8 |     2 |       ||    18
       Javelin           |       |     2 |       |       |       ||     2
Invok: Berserk           |     2 |     6 |     9 |    11 |       ||    28
       Trog's Hand       |       |     4 |     5 |     8 |     5 ||    22
 Abil: Breathe Acid      |       |       |     4 |     7 |     5 ||    16
Evoke: Wand              |       |       |     3 |    35 |     5 ||    43
       Condenser vane    |       |       |       |       |     1 ||     1
  Use: Scroll            |       |     2 |    13 |    19 |     9 ||    43
       Potion            |       |     1 |     3 |     3 |     4 ||    11
 Stab: Sleeping          |     1 |     7 |     7 |     7 |     1 ||    23
       Distracted        |       |       |     1 |     1 |       ||     2
       Paralysed         |       |       |       |     1 |       ||     1
Armor: Skin              |    33 |    49 |   117 |   196 |   114 ||   509
Dodge: Dodged            |    76 |    95 |   193 |   253 |   178 ||   795
Block: Kite shield       |       |       |    80 |   111 |       ||   191
       Other             |       |       |       |    26 |    67 ||    93
       Reflection        |       |       |       |       |     1 ||     1

Table legend: (Time is in decaauts)
 A = Elapsed time spent in this place.
 B = Non-inter-level travel time spent in this place.
 C = Inter-level travel time spent in this place.
 D = Time resting spent in this place.
 E = Time spent auto-exploring this place.
 F = Levels seen in this place.
 G = Mean time per level.
                   A        B        C        D        E       F      G
               +--------+--------+--------+--------+--------+-----+--------+
         Total |  21474 |  20773 |    701 |   5062 |  12515 |  17 | 1263.2 |
       Dungeon |  10942 |  10670 |    272 |   2189 |   6650 |   9 | 1215.8 |
          Lair |  10383 |   9954 |    429 |   2795 |   5841 |   6 | 1730.5 |
         Swamp |      3 |      3 |      0 |      0 |      0 |   1 |    3.0 |
     Snake Pit |    145 |    145 |      0 |     78 |     24 |   1 |  145.0 |
               +--------+--------+--------+--------+--------+-----+--------+

Top non-repeatable levels by time:
  Lair:6: 2324 daAuts
  Lair:5: 2178 daAuts
     D:4: 2148 daAuts
  Lair:2: 1843 daAuts
     D:8: 1592 daAuts
  Lair:3: 1443 daAuts
     D:9: 1359 daAuts
  Lair:1: 1312 daAuts
  Lair:4: 1281 daAuts
     D:5: 1139 daAuts
     D:1: 1080 daAuts
     D:3: 1009 daAuts
     D:6: 925 daAuts
     D:2: 907 daAuts
     D:7: 779 daAuts
